 Dungeon Crawl Stone Soup version 0.30.0-20-g3b4254fcbd (webtiles) character file.

Game seed: 9696296486542508830

81 hamfred the Vexing (level 4, -9/18 HPs)
             Began as a Felid Enchanter on June 2, 2023.
             Mangled by a black bear (10 damage)
             ... on level 4 of the Dungeon.
             The game lasted 00:29:28 (4410 turns).

hamfred the Vexing (Felid Enchanter)                Turns: 4410, Time: 00:29:29

Health: -9/18      AC:  1    Str:  4    XL:     4   Next: 20%
Magic:  8/8        EV: 17    Int: 18    God:
Gold:   185        SH:  0    Dex: 17    Spells: 5/7 levels left
                                        Lives:  0   Deaths: 1

rFire   . .          .
                       - Unarmed
rCold   . . .        (shield unavailable)
rNeg    . . .        (body armour unavailable)
rPois   .            (helmet unavailable)
rElec   .            (cloak unavailable)
rCorr   .            (gloves unavailable)
SInv    +            (boots unavailable)
Will    .....        (no amulet)
Stlth   +++          (no ring)
HPRegen 0.23/turn    (no ring)
MPRegen 0.11/turn

%: no passive effects
@: quick
A: very small, claws 1, fangs 3, see invisible, speed 1, shaggy fur 1, stealthy
paws, no weapons or thrown items, no armour, multi-lived
a: no special abilities


You were on level 4 of the Dungeon.
You visited 1 branch of the dungeon, and saw 4 of its levels.

You collected 185 gold pieces.

Inventory:

Jewellery
 p - an amulet of guardian spirit
Wands
 h - a wand of polymorph (5)
Scrolls
 g - a scroll of enchant armour
 i - 2 scrolls of identify
 k - a scroll of enchant weapon
 o - a scroll of fog
Potions
 a - 2 potions of invisibility
 b - a potion of haste
 c - a potion of brilliance {unknown}
 d - a potion of might {unknown}
 e - a potion of magic {unknown}
 f - 2 potions of curing {unknown}
 j - a potion of attraction {unknown}
 l - a potion of degeneration {unknown}
 m - a potion of heal wounds {unknown}


   Skills:
 - Level 2.6 Dodging
 + Level 6.2 Stealth
 + Level 2.2 Unarmed Combat
 - Level 2.0 Spellcasting
 + Level 6.4 Hexes


You had 5 spell levels left.
You knew the following spells:

 Your Spells              Type           Power      Damage    Failure   Level
a - Ensorcelled Hibernat  Hex/Ice        26%        N/A       8%          2

Your spell library contained the following spells:

 Spells                   Type           Power      Damage    Failure   Level
 Confusing Touch          Hex            25%        N/A       3%          3
 Tukima's Dance           Hex            25%        N/A       3%          3
 Dazzling Flash           Conj/Hex       26%        N/A       14%         3
 Lesser Beckoning         Tloc           2%         N/A       26%         2
 Gell's Gravitas          Tloc           1%         N/A       47%         3
 Teleport Other           Tloc           1%         N/A       47%         3
 Simulacrum               Ice/Necr       0%         N/A       100%        6
 Ozocubu's Refrigeration  Ice            0%         4d7       100%        7
 Polar Vortex             Ice            0%         N/A       100%        9


Dungeon Overview and Level Annotations

Branches:
Dungeon (4/15)             Temple (0/1) D:4

Altars:
Elyvilon
Uskayaw

Annotations:
D:4 Pikel, Robin


Innate Abilities, Weirdness & Mutations

You have sharp claws.
You have razor-sharp teeth.
You have supernaturally acute eyesight. (SInv)
You cover ground quickly. (Speed+)
You are covered in fur. (AC +1)
Your paws help you pounce on unaware monsters.
You are incapable of wielding weapons or throwing items.
You cannot wear armour.
You gain extra lives every three experience levels.


Message History

Press: ? - help, Q - select action, (/) - cycle Shift-Dir - straight line, f - black bear
Aim: a black bear (chance to affect: 47%)
The black bear looks drowsy...
You pounce on the unaware helpless black bear!
You claw the black bear! You claw the black bear.
The black bear is severely wounded.
The black bear goes berserk!
The black bear rages.
You hear a shout! x2
The black bear completely misses you. The black bear claws you.
* * * LOW HITPOINT WARNING * * *
The black bear claws you!
You die...
You are now level 4!
You rejoin the land of the living...
Found 44 gold pieces.
Found a white marble altar of Elyvilon.
Unknown command.
A hobgoblin comes into view. 2 goblins come into view.
A goblin comes into view. It is wielding a +1 vampiric dagger.
Robin of the Strong Arm comes into view.
They are wielding a +3 spectral club and carrying a wand of polymorph (10).
A goblin comes into view.
It is wielding a +1 dagger of protection.
The hobgoblin shouts!
The goblin shouts! x2; You hear a shout! x4
Robin throws the goblin at you!
You hear an angry growl.
You hear a shout!
The goblin barely misses you.
You hear an angry growl. x2
Aiming: Ensorcelled Hibernation (safe; 8% risk of failure)
Press: ? - help, Q - select action, (/) - cycle Shift-Dir - straight line, f/p - black bear
Aim: a black bear (severely wounded, berserk, not susceptible)
Okay, then.
The lemure shouts!
The black bear bites you!
Ouch! That really hurt!
The black bear claws you. x2
* * * LOW HITPOINT WARNING * * *
The black bear attacks as you move away!
The black bear bites you!
Ouch! That really hurt!
You die...

#................. $.$.#.
.......##...####....... .._..#.
...##.##....#.#..#.... .$.$#..
#..#..##...##...##..#.
$..#.###.....#............###
###... #........#..........#
....###....###.##.÷####....
##.#........# #..#...##.....
#.###..#......g@###..##..##...#.
##...............h....##.......#.
...g.....gg.g...................h
...........##.###................
..#...#.##.#### #.........†......
#...#.##.# # #..5.............
.g#. #....###.##.5......###.....
.g ## ..#......##.....##........#
. .>#.#.##........#####.#.#..


You could see a black bear (berserk), 2 lemures, Robin, a hobgoblin and 2
goblins.

Vanquished Creatures
  An orc wizard (D:3)
  4 adders
  4 dart slugs
  5 orcs (D:3)
  8 ball pythons
  5 endoplasms
  6 giant cockroaches
  11 goblins
  3 hobgoblins (D:1)
  9 jackals
  4 kobolds
  4 quokkas
  9 bats
  4 frilled lizards
  6 rats
83 creatures vanquished.

Notes
Turn   | Place    | Note
-------+----------+-------------------------------------------
     0 | D:1      | hamfred the Felid Enchanter began the quest for the Orb.
     0 | D:1      | Reached XP level 1. HP: 7/7 MP: 4/4
   227 | D:1      | Reached XP level 2. HP: 10/11 MP: 6/6
   230 | D:1      | Learned a level 2 spell: Ensorcelled Hibernation
   322 | D:1      | Reached skill level 5 in Hexes
   477 | D:1      | You fall into a shaft and drop 1 floor!
  1010 | D:1      | Reached skill level 5 in Stealth
  1160 | D:1      | Reached XP level 3. HP: 14/14 MP: 4/7
  2684 | D:3      | Reached XP level 4. HP: 8/18 MP: 2/8
  3244 | D:3      | Found a hide-covered altar of Uskayaw.
  3520 | D:3      | Reached XP level 5. HP: 9/21 MP: 2/9
  4349 | D:4      | Found a staircase to the Ecumenical Temple.
  4352 | D:4      | Noticed a lemure
  4354 | D:4      | Noticed a black bear
  4362 | D:4      | Noticed Pikel
  4362 | D:4      | Noticed a lemure
  4364 | D:4      | Noticed a lemure
  4394 | D:4      | Slain by a black bear
  4395 | D:4      | Reached XP level 4. HP: -5/18 MP: 7/8
  4395 | D:4      | Found a white marble altar of Elyvilon.
  4398 | D:4      | Noticed Robin
  4410 | D:4      | Mangled by a black bear

Illustrated notes

Levels and vault maps discovered:
D:1:      dpeg_arrival_shrine, layout_basic, serial_forest,
          infiniplex_forest_lined_corner, infiniplex_forest_clump_large,
          infiniplex_forest_clump_long, infiniplex_forest_lined_1,
          infiniplex_forest_clump_tiny, infiniplex_forest_straight_1,
          infiniplex_forest_lined_room_3
D:2:      layout_loops_ring
D:3:      layout_basic, nicolae_overflow_crystal_walls, minmay_mini_jars
D:4:      black_bear_nest_1, layout_cave_pools, amcnicky_altar_gilded,
          temple_fountains, minmay_crystal_room, uniq_blork_the_orc, uniq_robin,
          uniq_pikel

Skill      XL: |  1  2  3  4 |
---------------+-------------+-----
Hexes          | 5 6 |  6.4
Stealth        | 5 6 |  6.2
Unarmed Combat | 2 |  2.2
Dodging        | |  2.6
Spellcasting   | |  2.0

Action                     |  1- 3 |  4- 6 || total
---------------------------+-------+-------++-------
  Melee: Unarmed           |    94 |    89 ||   183
         Punch             |     1 |     3 ||     4
         Bite              |       |     9 ||     9
   Cast: Ensorcelled Hiber |    49 |    32 ||    81
    Use: Scroll            |     4 |     4 ||     8
         Potion            |       |     1 ||     1
   Stab: Sleeping          |    37 |    26 ||    63
         Invisible         |       |     2 ||     2
 Armour: Skin              |     4 |     8 ||    12
  Dodge: Dodged            |    72 |    88 ||   160
